 Dungeon Crawl Stone Soup version 0.28.0-1-gb440e238dd (webtiles) character file.

Game seed: 4588537483248435718

42 mortz the Charlatan (level 3, -4/23 HPs)
             Began as an Octopode Artificer on Feb 27, 2022.
             Slain by an iguana (6 damage)
             ... on level 2 of the Dungeon.
             The game lasted 00:06:47 (1174 turns).

mortz the Charlatan (Octopode Artificer)            Turns: 1174, Time: 00:06:47

Health: -4/23      AC:  1    Str: 11    XL:     3   Next: 56%
Magic:  3/3        EV: 13    Int: 15    God:
Gold:   69         SH:  0    Dex: 12    Spells: 2/2 levels left

rFire   . . .      SeeInvis .   b - +0 long sword {long}
rCold   . . .      Faith    .   (no shield)
rNeg    . . .      Spirit   .   (helmet restricted)
rPois   .          Reflect  .   (no amulet)
rElec   .          Harm     .   (no ring)
rCorr   .          Rampage  .   (no ring)
Will    .....                   (no ring)
Stlth   +++.......              (no ring)
HPRegen 0.07/turn               (no ring)
MPRegen 0.08/turn               (no ring)
                                (no ring)
                                (no ring)

@: no status effects
A: almost no armour, amphibious, 8 rings, camouflage 1, gelatinous body 1,
(nimble swimmer 1), tentacles
a: no special abilities


You were on level 2 of the Dungeon.
You visited 1 branch of the dungeon, and saw 2 of its levels.

You collected 69 gold pieces.


Innate Abilities, Weirdness & Mutations

You cannot wear most types of armour.
You are amphibious.
You can wear up to eight rings at the same time.
Your skin changes colour to match your surroundings (Stealth+).
Your rubbery body absorbs attacks. (AC +1, EV +1)
((You are camouflaged when in or above water. (Stealth+)))
You have tentacles for arms and can constrict up to eight enemies at once.


   Skills:
 + Level 1.0 Fighting
 + Level 0.8 Short Blades
 + Level 2.7 Dodging
 + Level 1.3 Stealth
 + Level 4.4 Evocations


You had 2 spell levels left.
You didn't know any spells.
Your spell library was empty.

Inventory:

Hand Weapons
 a - a +0 club {mace}
 b - a +0 long sword (weapon) {long}
   (You found it on level 1 of the Dungeon)
 f - a +0 short sword {short}
   (You took it off a kobold on level 1 of the Dungeon)
Missiles
 g - 25 stones (quivered) {throwing}
 i - 4 atropa-tipped darts {throwing}
Wands
 c - a wand of charming (15)
Scrolls
 e - a scroll of vulnerability {unknown}
 l - a scroll of fog {unknown}
 m - a scroll of blinking {unknown}
Potions
 h - a potion of heal wounds {unknown}
 j - a potion of berserk rage {unknown}
 k - a potion of attraction {unknown}
Miscellaneous
 d - a piece from Xom's chessboard (15/15)

Dungeon Overview and Level Annotations

Branches:
Dungeon (2/15)

Altars:

.. ......# ...
##.....# ....
......#
....####.....#
.........>...#
#...........#
#..........#
#....l@....#
..........<.#
########.####
#.. ####


You could see an iguana.


Message History

The bat hits you but does no damage. The bat barely misses you.
You closely miss the bat. You grab the bat. You constrict the bat.
You kill the bat!
m - a scroll labelled VUWEOL NU WEN An endoplasm comes into view.
Throw: 26 stones {throwing}
Press: ? - help, Q - select action, (/) - cycle Shift-Dir - straight line, f - endoplasm
Aim: an endoplasm (asleep, 98% to hit)
You throw a stone {throwing}.
The stone {throwing} hits the endoplasm but does no damage.
The endoplasm quivers.
You completely miss the endoplasm. The endoplasm misses you.
You hit the endoplasm. The endoplasm hits you. 😕 HP[-2]
You take 2 damage, and now have 21/23 hp.
You hit the endoplasm. The endoplasm barely misses you.
The endoplasm closely misses you.
You slash the endoplasm!
You kill the endoplasm!
g - 26 stones {throwing} (gained 1)
You now have 65 gold pieces (gained 12).
You open the door.
There is an open door here.
There is an open door here.
A kobold and a goblin come into view.
The goblin shouts!
The kobold shouts! 😎 HP[+2]
Your hp is fully restored (23).
Throw: 26 stones {throwing}
Press: ? - help, Q - select action, (/) - cycle Shift-Dir - straight line, f - goblin
Aim: a goblin, wielding a +0 club (47% to hit)
You throw a stone {throwing}.
The stone {throwing} barely misses the goblin.
Throw: 25 stones {throwing}
Press: ? - help, Q - select action, (/) - cycle Shift-Dir - straight line, f/p - goblin
Aim: a goblin, wielding a +0 club (47% to hit)
You throw a stone {throwing}.
The stone {throwing} barely misses the goblin.
An endoplasm comes into view.
You barely miss the goblin. You grab the goblin. You constrict the goblin.
The goblin hits you with a +0 club. x2 😕 HP[-2]
You take 2 damage, and now have 21/23 hp.
You hit the goblin but do no damage. You constrict the goblin.
You kill the goblin!
The kobold closely misses you.
You barely miss the kobold. You grab the kobold. You constrict the kobold.
The kobold barely misses you. 😕 HP[+1]
You hit the kobold.
You kill the kobold!
You barely miss the endoplasm. The endoplasm closely misses you.
The endoplasm barely misses you.
You hit the endoplasm. You squeeze the endoplasm.
You kill the endoplasm!
Items here: )) ††.
Okay, then.
g - 25 stones {throwing} (gained 1)
There is an escape hatch in the floor here.
There is a staircase leading out of the dungeon here.
You open the door.
There is an open door here.
You open the door.
There is an open door here.
There is an open door here.
You see here a +0 plate armour.
You now have 69 gold pieces (gained 4).
You see here a +0 short sword {short}. 😎 HP[+1]
Your hp is fully restored (23).
You see here a +0 cloak.
You see here a +0 leather armour.
You see here a +0 plate armour.
Done exploring.
(D) Dungeon
Where to? (? - help)
There is a stone staircase leading down here.
You climb downwards.
Found a stone staircase leading down.
There is a stone staircase leading up here.
There are monsters nearby!
The helpless adder fails to defend itself.
You slash the adder! You grab the adder. You constrict the adder.
You kill the adder!
You barely miss the iguana. You grab the iguana.
You constrict the iguana, but do no damage.
The iguana bites you!
Ouch! That really hurt!
* * * LOW HITPOINT WARNING * * *
😨 HP[-14]
You take 14 damage, and now have 9/23 hp.
MASSIVE DAMAGE!! (PAUSE)
You hit the iguana. You constrict the iguana. The iguana bites you!
* * * LOW HITPOINT WARNING * * *
The iguana bites you but does no damage. 😱 HP[-7]
You take 7 damage, and now have 2/23 hp.
MASSIVE DAMAGE!! (PAUSE)
You hit the iguana. You constrict the iguana. The iguana bites you.
You die...

Skill      XL: |  1  2 |
---------------+-------+-----
Evocations     | 4 |  4.4
Fighting       | |  1.0
Short Blades   | |  0.8
Dodging        | |  2.7
Stealth        | |  1.3

Action                   || total
-------------------------++-------
Melee: Short sword       ||     9
       Long sword        ||    26
       Constrict         ||    12
       Tentacles         ||     4
       Punch             ||     1
Throw: Stone             ||    26
Evoke: Wand              ||    15
 Stab: Sleeping          ||     1
Armor: Skin              ||     4
Dodge: Dodged            ||    16

Levels and vault maps discovered:
D:1:      minmay_arrival_five_plusses, layout_basic,
          shapermc_ecumenical_altar_ellora, minmay_stone_trees_small,
          minivault_5
D:2:      layout_basic, kennysheep_boxes, uniq_natasha, uniq_crazy_yiuf_cottage

Notes
Turn   | Place    | Note
-------+----------+-------------------------------------------
     0 | D:1      | mortz the Octopode Artificer began the quest for the Orb.
     0 | D:1      | Reached XP level 1. HP: 13/13 MP: 1/1
     0 | D:1      | magus.rc [v1.9.6]
    93 | D:1      | Reached XP level 2. HP: 18/18 MP: 2/2
   153 | D:1      | Reached skill level 4 in Evocations
   388 | D:1      | Reached XP level 3. HP: 23/23 MP: 3/3
   564 | D:1      | Found a faded altar of an unknown god.
  1173 | D:2      | HP: 2/23 [iguana (7)]
  1174 | D:2      | Slain by an iguana

Vanquished Creatures
  An adder (D:2)
  A dart slug (D:1)
  2 ball pythons (D:1)
  4 bats (D:1)
  4 endoplasms (D:1)
  3 giant cockroaches (D:1)
  2 goblins (D:1)
  3 hobgoblins (D:1)
  4 kobolds (D:1)
  A quokka (D:1)
  2 frilled lizards (D:1)
  A rat (D:1)
28 creatures vanquished.

Vanquished Creatures (others)
  A plant (D:2)
1 creature vanquished.

Grand Total: 29 creatures vanquished

Table legend:
 A = Non-vault XP
 B = Vault XP
 C = Vault XP percentage of total XP
 D = Non-vault monster count
 E = Vault monster count
 F = Vault count percentage of total count
                 A         B        C        D         E       F
            +---------+---------+-------+---------+---------+-------
      Total |      61 |       0 |   0.0 |      28 |       0 |   0.0
            +---------+---------+-------+---------+---------+-------
        D:1 |      48 |       0 |   0.0 |      27 |       0 |   0.0
        D:2 |      13 |       0 |   0.0 |       1 |       0 |   0.0
            +---------+---------+-------+---------+---------+-------

Illustrated notes

Table legend:
 A = Kills in this place as a percentage of kills in entire the game.
 B = Kills by you in this place as a percentage of kills by you in the entire game.
 C = Kills by friends in this place as a percentage of kills by friends in the entire game.
 D = Other kills in this place as a percentage of other kills in the entire game.
 E = Experience gained in this place as a percentage of experience gained in the entire game.
 F = Experience gained in this place divided by the number of levels of this place that you have seen.
                   A       B       C       D       E      F
               +-------+-------+-------+-------+-------+----------------------
         Total | 100.0 | 100.0 |   N/A |   N/A | 100.0 |  30.5
       Dungeon | 100.0 | 100.0 |   N/A |   N/A | 100.0 |  30.5
               +-------+-------+-------+-------+-------+----------------------

Table legend: (Time is in decaauts)
 A = Elapsed time spent in this place.
 B = Non-inter-level travel time spent in this place.
 C = Inter-level travel time spent in this place.
 D = Time resting spent in this place.
 E = Time spent auto-exploring this place.
 F = Levels seen in this place.
 G = Mean time per level.
                   A        B        C        D        E       F      G
               +--------+--------+--------+--------+--------+-----+--------+
         Total |   1186 |   1164 |     22 |    113 |    845 |   2 |  593.0 |
       Dungeon |   1186 |   1164 |     22 |    113 |    845 |   2 |  593.0 |
               +--------+--------+--------+--------+--------+-----+--------+

Top non-repeatable levels by time:
     D:1: 1177 daAuts
     D:2: 9 daAuts
